 Dungeon Crawl Stone Soup version 0.32-a0-314-g526f7d4993 (webtiles) character file.

Game seed: 16557579461410467674

710 Nattfarinn the Changeling (level 7, -1/44 HPs)
             Began as an Octopode Shapeshifter on Feb 16, 2024.
             Slain by a water moccasin (9 damage)
             ... on level 5 of the Dungeon.
             The game lasted 00:07:14 (4313 turns).

Nattfarinn the Changeling (Octopode Shapeshifter)   Turns: 4313, Time: 00:07:15

Health: -1/44      AC:  1    Str: 15    XL:     7   Next: 68%
Magic:  7/7        EV: 17    Int: 13    God:
Gold:   119        SH:  0    Dex: 11    Spells: 6/6 levels left

rFire   . .          .
                       - Unarmed
rCold   . . .        (shield currently unavailable)
rNeg    + . .        (helmet restricted)
rPois   .            (no amulet)
rElec   .            l - ring of willpower
rCorr   .            n - ring of positive energy
SInv    .            (no ring)
Will    +....        (no ring)
Stlth   +            (no ring)
HPRegen 0.27/turn    (no ring)
MPRegen 0.10/turn    (no ring)
                     (no ring)

%: no passive effects
@: lethally poisoned (-1 -> -25), flux-form, glowing
A: glow, contaminating, almost no armour, amphibious, 8 rings, camouflage 1,
gelatinous body 1, (nimble swimmer 1), tentacles
a: Begin Untransformation


You were on level 5 of the Dungeon.
You were something dangerously unstable.
You visited 1 branch of the dungeon, and saw 5 of its levels.

You collected 169 gold pieces.
You spent 50 gold pieces at shops.

Inventory:

Missiles
 z - 2 throwing nets (quivered)
Magical Staves
 g - a staff of fire
Jewellery
 l - a ring of willpower (left tentacle)
 n - a ring of positive energy (right tentacle)
 w - a ring of flight
Talismans
 b - a beast talisman
 c - a flux talisman (active)
Wands
 o - a wand of iceblast (11)
Scrolls
 e - 2 scrolls of revelation
 f - 2 scrolls of enchant armour
 h - 2 scrolls of vulnerability
 j - a scroll of fear {unknown}
 k - 2 scrolls of acquirement {unknown}
 q - 2 scrolls of teleportation {unknown}
 r - a scroll of enchant weapon {unknown}
 s - 2 scrolls of noise {unknown}
 v - a scroll of blinking {unknown}
 x - a scroll of fog {unknown}
 y - a scroll of identify
Potions
 a - a potion of lignification
 d - 2 potions of mutation {unknown}
 i - 2 potions of degeneration {unknown}
 m - a potion of heal wounds
 p - 2 potions of curing {unknown}
 t - a potion of haste {unknown}
 u - 2 potions of brilliance {unknown}


   Skills:
 + Level 1.9 Fighting
 - Level 2.0 Dodging
 * Level 3.8 Unarmed Combat
 - Level 7.6 Shapeshifting


You had 6 spell levels left.
You didn't know any spells.
Your spell library contained the following spells:

 Spells                   Type           Power      Damage    Failure   Level
 Leda's Liquefaction      Alch/Erth      0%         N/A       97%         4
 Lee's Rapid Deconstruct  Erth           0%         3d4*      100%        5
 Bombard                  Conj/Erth      0%         9d1       100%        6


Dungeon Overview and Level Annotations

Branches:
Dungeon (5/15)
 Temple: D:4-7

Altars:
Ashenzari
Dithmenos
Elyvilon
Fedhas
Hepliaklqana
Kikubaaqudgha
Okawaru
Trog
Vehumet
Wu Jian
Xom

Shops:
D:3 *

Annotations:
D:3 3 runed translucent doors, Zigma's ghost, amateur OpMo
D:4 3 runed translucent doors, Stonecrops's ghost, novice FoFi


Innate Abilities, Weirdness & Mutations

You are something dangerously unstable.
You glow with magical radiation, making you easy to see and hit.
Foes you strike become dangerously contaminated with magical radiation.
You are incapable of wielding weapons or throwing items.
You cannot wear most types of armour.
You are amphibious.
You can wear up to eight rings at the same time.
Your skin changes colour to match your surroundings (Stealth+).
Your rubbery body absorbs attacks. (AC +1, EV +1)
((You are camouflaged when in or above water. (Stealth+)))
You have tentacles for arms and can constrict up to eight enemies at once.


Message History

A jelly comes into view.
Found 5 gold pieces.
The jelly quivers.
Found an escape hatch in the ceiling.
A water moccasin comes into view.
The water moccasin hisses angrily.
The jelly barely misses you.
You tentacle-slap the jelly.
The jelly begins to glow.
Your tentacles burn!
The jelly is lightly wounded.
The jelly closely misses you.
You tentacle-slap the jelly.
The jelly glows dangerously bright.
Your tentacles burn!
The jelly is moderately wounded.
The jelly hits you.
You are splashed with acid!
You tentacle-slap the jelly.
The jelly shudders as magic cascades through it.
The jelly twists and deforms.
Your tentacles burn!
You squeeze the jelly, but do no damage.
The jelly is severely wounded.
The water moccasin closely misses you. The jelly closely misses you.
The water moccasin bites you.
You are poisoned.
The water moccasin poisons you!
You tentacle-slap the jelly.
The jelly begins to glow.
Your tentacles burn!
The jelly is almost dead.
You feel very sick.
The water moccasin completely misses you.
The jelly jiggles.
The jelly hits you but does no damage.
Unknown command.
You tentacle-slap the jelly.
You kill the jelly!
You feel very sick. The water moccasin barely misses you.
You closely miss the water moccasin. Your grab misses the water moccasin.
You feel sick. The water moccasin bites you.
* * * LOW HITPOINT WARNING * * *
You are lethally poisoned!
The water moccasin poisons you! The water moccasin bites you!
You die...

###... ... .....
.......$. ..... .......#
#.#.## #...##.#
#.#..#### #...##.#
#.#..... .# # #...##.#
#.#...## .#
###.#..S##.###.#....# .#
........p......[....##.#
##.#...##.###.#.......##
#...................#
#...##.....#...#....>
.....##.....#...#...##
#<#...##.........#.#...
#.#...###..............
# #...# #...##.......##
#...# .. ##..#.....


You could see a water moccasin.

Vanquished Creatures
  A black bear (D:4)
  A phantom (D:4)
  A scorpion (D:4)
  2 jellies
  A gnoll bouda (D:4)
  Natasha (D:2)
  2 orc wizards
  Terence (D:2)
  5 gnolls (D:4)
  6 adders
  5 ribbon worms
  2 dart slugs
  5 orcs
  4 ball pythons
  13 endoplasms
  2 giant cockroaches
  7 goblins
  10 hobgoblins
  8 jackals (D:3)
  6 quokkas
  6 bats
  5 frilled lizards
  12 kobolds
  7 rats
113 creatures vanquished.

Notes
Turn   | Place    | Note
-------+----------+-------------------------------------------
     0 | D:1      | Nattfarinn the Octopode Shapeshifter began the quest for
                  | the Orb.
     0 | D:1      | Reached XP level 1. HP: 13/13 MP: 1/1
    56 | D:1      | Reached XP level 2. HP: 18/18 MP: 2/2
   280 | D:1      | Reached XP level 3. HP: 23/23 MP: 3/3
   288 | D:1      | Reached skill level 4 in Shapeshifting
   853 | D:2      | Reached XP level 4. HP: 28/28 MP: 4/4
  1016 | D:2      | Noticed Terence
  1025 | D:2      | Killed Terence
  1082 | D:2      | Reached skill level 5 in Shapeshifting
  1178 | D:2      | Reached XP level 5. HP: 22/33 MP: 5/5
  1200 | D:2      | Noticed Natasha
  1206 | D:2      | Killed Natasha
  1504 | D:3      | Found a runed translucent gate.
  1507 | D:3      | Found a runed translucent gate.
  1507 | D:3      | Found a runed translucent gate.
  1507 | D:3      | Noticed Zigma's ghost (amateur OpMo)
  1605 | D:3      | Found a faded altar of an unknown god.
  2031 | D:3      | Found Wolod's General Store.
  2040 | D:3      | Bought a potion of heal wounds for 50 gold pieces
  2085 | D:3      | Reached skill level 6 in Shapeshifting
  2243 | D:3      | Reached XP level 6. HP: 38/38 MP: 6/6
  2569 | D:4      | Found a shimmering altar of Xom.
  2569 | D:4      | Found an iron altar of Okawaru.
  3099 | D:4      | Found an ornate altar of the Wu Jian Council.
  3193 | D:4      | Found a runed translucent gate.
  3193 | D:4      | Found a runed translucent gate.
  3193 | D:4      | Found a runed translucent gate.
  3197 | D:4      | Noticed Stonecrops's ghost (novice FoFi)
  3355 | D:4      | Reached skill level 7 in Shapeshifting
  3552 | D:4      | Noticed a black bear
  3559 | D:4      | Reached XP level 7. HP: 26/43 MP: 7/7
  3739 | D:4      | Found an ancient bone altar of Kikubaaqudgha.
  3739 | D:4      | Found a shadowy altar of Dithmenos.
  3739 | D:4      | Found a bloodstained altar of Trog.
  3739 | D:4      | Found a radiant altar of Vehumet.
  3739 | D:4      | Found a broken altar of Ashenzari.
  3739 | D:4      | Found a blossoming altar of Fedhas.
  4196 | D:5      | Entered Level 5 of the Dungeon
  4203 | D:5      | Found a white marble altar of Elyvilon.
  4204 | D:5      | Found a hazy altar of Hepliaklqana.
  4298 | D:5      | Identified the +1 chain mail of Ashenzari's Favour {-Cast
                  | rPois rN+++ Will++}
  4313 | D:5      | Slain by a water moccasin

Illustrated notes

Levels and vault maps discovered:
D:1:      lemuel_arrival_cross, layout_basic, hangedman_decor_riveting,
          minmay_pentomino_x4
D:2:      layout_rooms, uniq_terence, uniq_natasha
D:3:      cheibrodos_old_hovel, layout_loops_corners,
          shapermc_ecumenical_altar_acropolis, serial_shops,
          nicolae_shop_rolling_square, gammafunk_ghost_split, minmay_ruptured
D:4:      cheibrodos_fertilizer, layout_basic, lemuel_crystal_altar,
          gammafunk_temple_overflow_wave, ebering_ghost_rock_garden
D:5:      layout_basic, grunt_temple_overflow_growth_and_decay,
          cheibrodos_ashenzari_chains, gammafunk_temple_overflow_pools,
          minmay_temple_entry_stoned_glass, serial_shops,
          nicolae_shop_advertising_works [nicolae_subvault_shop_adworks],
          mainiacjoe_sewer_entry_somewhere_in_here_1, uniq_grinder

Skill      XL: |  1  2  3  4  5  6 |
---------------+-------------------+-----
Shapeshifting  | 4 5 6 7 |  7.6
Fighting       | |  1.9
Dodging        | |  2.0
Unarmed Combat | |  3.8

Action                     |  1- 3 |  4- 6 |  7- 9 || total
---------------------------+-------+-------+-------++-------
  Melee: Unarmed           |    40 |   137 |    73 ||   250
         Constrict         |    13 |    38 |    12 ||    63
         Tentacles         |    10 |    36 |    14 ||    60
         Punch             |       |     6 |       ||     6
    Use: Scroll            |     3 |       |       ||     3
         Potion            |       |       |     2 ||     2
   Stab: Sleeping          |     3 |     9 |       ||    12
 Armour: Skin              |     9 |    60 |    32 ||   101
  Dodge: Dodged            |    19 |    82 |    44 ||   145
   Form: Flux              |       |       |     1 ||     1

Table legend: (Time is in decaauts)
 A = Elapsed time spent in this place.
 B = Non-inter-level travel time spent in this place.
 C = Inter-level travel time spent in this place.
 D = Time resting spent in this place.
 E = Time spent auto-exploring this place.
 F = Levels seen in this place.
 G = Mean time per level.
                   A        B        C        D        E       F      G
               +--------+--------+--------+--------+--------+-----+--------+
         Total |   4302 |   4223 |     79 |    465 |   2947 |   5 |  860.4 |
       Dungeon |   4302 |   4223 |     79 |    465 |   2947 |   5 |  860.4 |
               +--------+--------+--------+--------+--------+-----+--------+

Top non-repeatable levels by time:
     D:4: 1604 daAuts
     D:3: 1170 daAuts
     D:1: 826 daAuts
     D:2: 592 daAuts
     D:5: 108 daAuts
